 Dungeon Crawl Stone Soup version 0.31-a0-154-g56bf346678 (webtiles) character file.

Game seed: 16335106820711873795

26 nicknak712 the Conjurer (level 2, 0/19 (22) HPs)
             Began as a Demonspawn Reaver on June 12, 2023.
             Succumbed to an adder's poison
             ... on level 2 of the Dungeon.
             The game lasted 00:02:33 (707 turns).

nicknak712 the Conjurer (Demonspawn Reaver)          Turns: 707, Time: 00:02:33

HP:   0/19 (22)     AC:  3    Str: 12    XL:     2   Next: 89%
MP:   4/5           EV: 11    Int: 14    God:
Gold: 24            SH:  0    Dex: 11    Spells: 4/5 levels left

rFire   . . .        a - +0 falchion
rCold   . . .        (no shield)
rNeg    . . .        b - +0 leather armour
rPois   .            (no helmet)
rElec   .            (no cloak)
rCorr   .            (no gloves)
SInv    .            (no boots)
Will    .....        (no amulet)
Stlth   +            (no ring)
HPRegen 0.23/turn    (no ring)
MPRegen 0.09/turn

%: no passive effects
@: lethally poisoned (0 -> -1), heavily drained
A: hooves 1
a: no special abilities


You were on level 2 of the Dungeon.
You visited 1 branch of the dungeon, and saw 2 of its levels.

You collected 24 gold pieces.

Inventory:

Hand Weapons
 a - a +0 falchion (weapon)
Armour
 b - a +0 leather armour (worn)
Potions
 c - a potion of curing {unknown}
 d - a potion of heal wounds {unknown}


   Skills:
 + Level 2.2 Fighting
 + Level 2.9 Long Blades
 + Level 2.0 Dodging
 + Level 0.5 Stealth
 * Level 2.4 Spellcasting
 + Level 3.1 Conjurations


You had 4 spell levels left.
You knew the following spells:

 Your Spells              Type           Power      Damage    Failure   Level
a - Kiss of Death         Conj/Necr      24%        2d7       16%         1

Your spell library contained the following spells:

 Spells                   Type           Power      Damage    Failure   Level
 Momentum Strike          Conj/Tloc      12%        3d8       22%         2
 Hailstorm                Conj/Ice       6%         3d4       41%         3


Dungeon Overview and Level Annotations

Branches:
Dungeon (2/15)

Altars:


Innate Abilities, Weirdness & Mutations

You have large cloven feet.


Message History

The quokka bites you but does no damage.
You miss the adder. You kick the adder.
The adder is severely wounded.
You feel sick.
You are no longer poisoned.
The adder bites you.
You are poisoned.
The adder poisons you! The quokka closely misses you.
The adder barely misses you.
Casting: Kiss of Death (safe; 16% risk of failure)
Confirm with . or Enter, or press ? or * to list all spells.
You don't know that spell.
Casting: Kiss of Death (safe; 16% risk of failure)
Confirm with . or Enter, or press ? or * to list all spells.
Aiming: Kiss of Death (safe; 16% risk of failure)
Press: ? - help, Shift-Dir - straight line, f - adder
Aim: an adder (severely wounded, 100% to hit)
The negative energy hits the adder.
The adder is drained!
You kill the adder!
You feel drained.
You feel sick. The quokka closely misses you.
Your Dodging skill increases to level 2!
A quokka is nearby!
You are too injured to fight recklessly!
You are too injured to fight recklessly!
You barely miss the quokka. Your kick misses the quokka.
* * * LOW HITPOINT WARNING * * *
You feel sick. The quokka misses you.
You hit the quokka. Your kick misses the quokka.
The quokka is severely wounded.
* * * LOW HITPOINT WARNING * * *
You feel sick. The quokka bites you.
* * * LOW HITPOINT WARNING * * *
The quokka closely misses you.
You miss the quokka.
The quokka is heavily wounded.
* * * LOW HITPOINT WARNING * * *
You feel sick. The quokka closely misses you.
You barely miss the quokka.
The quokka is heavily wounded.
You die...

... #.# #)# #.#
#.# #####.######
#..........#
#..........#
#.......†@†#.
#........r.....#
#...........#..#
#..........##
..# #....†.....#
# #<.........#
#..........#
#..........#
############


You could see a quokka.

Vanquished Creatures
  An adder (D:2)
  A bat (D:1)
  2 endoplasms (D:1)
  A giant cockroach (D:1)
  4 hobgoblins (D:1)
  2 jackals (D:2)
  A ball python (D:1)
  2 frilled lizards (D:2)
  2 rats (D:1)
16 creatures vanquished.

Notes
Turn   | Place    | Note
-------+----------+-------------------------------------------
     0 | D:1      | nicknak712 the Demonspawn Reaver began the quest for the
                  | Orb.
     0 | D:1      | Reached XP level 1. HP: 16/16 MP: 3/3
   228 | D:1      | Discovered your monstrous ancestry.
   228 | D:1      | Gained mutation: You have large cloven feet. [demonic
                  | ancestry]
   228 | D:1      | Reached XP level 2. HP: 21/21 MP: 5/5
   410 | D:1      | Found a faded altar of an unknown god.
   707 | D:2      | Succumbed to an adder's poison

Illustrated notes

Levels and vault maps discovered:
D:1:      eino_arrival_cavern_b, layout_basic,
          dreamdust_ecumenical_altar_statues
D:2:      layout_rooms, nicolae_figureground_pulse

Skill      XL: |  1  2 |
---------------+-------+-----
Dodging        | 2 |  2.0
Fighting       | |  2.2
Long Blades    | |  2.9
Stealth        | |  0.5
Spellcasting   | |  2.4
Conjurations   | |  3.1

Action                     || total
---------------------------++-------
  Melee: Falchion          ||    43
         Kick              ||     8
   Cast: Kiss of Death     ||     2
 Armour: Leather armour    ||    15
  Dodge: Dodged            ||    25

Table legend: (Time is in decaauts)
 A = Elapsed time spent in this place.
 B = Non-inter-level travel time spent in this place.
 C = Inter-level travel time spent in this place.
 D = Time resting spent in this place.
 E = Time spent auto-exploring this place.
 F = Levels seen in this place.
 G = Mean time per level.
                   A        B        C        D        E       F      G
               +--------+--------+--------+--------+--------+-----+--------+
         Total |    715 |    664 |     51 |      0 |    556 |   2 |  357.5 |
       Dungeon |    715 |    664 |     51 |      0 |    556 |   2 |  357.5 |
               +--------+--------+--------+--------+--------+-----+--------+

Top non-repeatable levels by time:
     D:1: 673 daAuts
     D:2: 42 daAuts
